Map: Nightscape LE

Players

terminator

  • Race: Protoss Protoss
  • Spawn Location: 7:00

Indiana

  • Race: Terran Terran
  • Spawn Location: 7:00

Massa - Winner!

  • Race: Terran Terran
  • Spawn Location: 1:00

qqq - Winner!

  • Race: Protoss Protoss
  • Spawn Location: 1:00

VOD

Have the link to the VOD?

Description

Time

  • Played on: Oct. 2, 2020, 3:58 p.m.
  • Length: 12:33
Show
View Real Time Build Order
Export as new Build Order

terminator Protoss 

Build Orders:  

Get SALT Encoding   

  12  0:12  Pylon  
  12  0:17  Probe (Chrono Boost)  
  13  0:27  Probe (Chrono Boost)  
  14  0:32  Probe (Chrono Boost)  
  15  0:43  Probe  
  15  0:44  Forge  
  16  0:57  Pylon  
  16  1:03  Probe  
  17  1:04  Pylon  
  17  1:16  Photon Cannon  
  17  1:23  Photon Cannon  
  17  1:29  Pylon  
  16  1:53  Gateway  
  16  2:04  Assimilator  
  16  2:05  Pylon  
  16  2:07  Probe (Chrono Boost)  
  17  2:08  Assimilator  
  18  2:16  Probe (Chrono Boost)  
  18  2:21  Probe (Chrono Boost)  
  19  2:33  Probe (Chrono Boost)  
  20  2:41  Probe (Chrono Boost)  
  20  2:42  Cybernetics Core  
  21  2:47  Probe, Photon Cannon  
  22  2:57  Pylon  
  22  3:01  Gateway  
  22  3:03  Probe  
  23  3:15  Probe  
  23  3:17  Stalker (Chrono Boost)  
  26  3:40  Stargate  
  26  3:42  Stargate  
  26  3:45  Stalker  
  28  4:21  Nexus  
  28  4:26  Void Ray (Chrono Boost)  
  28  4:29  Assimilator  
  32  4:33  Void Ray (Chrono Boost)  
  32  4:37  Pylon  
  32  4:42  Pylon  
  36  4:51  Stalker  
  38  4:56  Shield Battery  
  38  5:05  Photon Cannon  
  38  5:07  Assimilator  
  38  5:20  Robotics Facility  
  38  5:31  Probe  
  38  5:35  Shield Battery  
  39  5:43  Probe  
  40  5:55  Probe  
  41  6:10  Observer  
  42  6:13  Probe (Chrono Boost)  
  43  6:20  Photon Cannon  
  43  6:23  Probe (Chrono Boost)  
  45  6:26  Probe (Chrono Boost)  
  45  6:27  Protoss Shields Level 1 (Chrono Boost)  
  45  6:28  Probe (Chrono Boost)  
  45  6:31  Observer  
  47  6:34  Protoss Air Weapons Level 1 (Chrono Boost)  
  47  6:36  Probe  
  47  6:39  Probe  
  49  6:40  Observer  
  49  6:48  Probe  
  49  6:50  Twilight Council  
  49  6:51  Probe  
  49  6:53  Observer  
  52  7:01  Probe  
  53  7:03  Probe  
  54  7:13  Probe, Void Ray x2  
  55  7:15  Probe  
  65  7:22  Observer  
  65  7:27  Probe  
  66  7:40  Probe  
  66  7:44  Dark Shrine  
  67  7:47  Pylon  
  67  7:50  Robotics Bay  
  67  7:52  Probe, Pylon  
  67  7:54  Pylon  
  67  7:55  Stalker  
  70  8:03  Void Ray  
  70  8:04  Probe  
  75  8:16  Probe  
  75  8:17  Void Ray  
  79  8:28  Probe, Stalker  
  82  8:40  Void Ray  
  86  8:51  Observer  
  86  9:05  Fleet Beacon  
  86  9:09  Void Ray  
  90  9:24  Nexus  
  90  9:28  Void Ray, Assimilator  
  90  9:30  Pylon  
  90  9:32  Assimilator  
  90  9:33  Probe x2  
  90  9:34  Pylon  
  90  9:37  Dark Templar  
  90  9:38  Pylon  
  98  9:42  Pylon  
  98  9:45  Probe x2  
  100  9:50  Photon Cannon  
  100  9:57  Probe x2, Photon Cannon  
  102  10:09  Probe  
  102  10:13  Shield Battery  
  102  10:14  Shield Battery  
  103  10:16  Shield Battery  
  103  10:21  Probe, Dark Templar  
  103  10:22  Dark Templar  
  103  10:24  Shield Battery  
  103  10:26  Pylon  
  108  10:40  Photon Cannon  
  95  11:01  Dark Templar x2  
  63  11:12  Void Ray x2  
  67  11:19  Immortal (Chrono Boost)  
  71  11:40  Dark Templar x2  
Show
View Real Time Build Order
Export as new Build Order

Indiana Terran 

Build Orders:  

Get SALT Encoding   

  12  0:00  SCV  
  13  0:12  SCV  
  14  0:17  Supply Depot  
  14  0:24  SCV  
  15  0:38  SCV  
  15  0:40  Barracks  
  16  0:51  SCV  
  16  0:52  Refinery  
  17  1:03  SCV  
  18  1:26  SCV  
  18  1:32  Marine  
  20  1:38  SCV  
  21  1:53  Refinery, Orbital Command  
  21  1:57  Marine  
  22  2:03  Supply Depot  
  22  2:15  Factory  
  22  2:17  Marine  
  23  2:24  SCV  
  23  2:26  Supply Depot  
  24  2:38  Command Center  
  24  2:43  Marine  
  25  2:45  SCV  
  26  2:57  SCV  
  27  2:59  Factory Tech Lab  
  27  3:08  Barracks Reactor  
  27  3:09  SCV  
  28  3:21  SCV  
  29  3:33  SCV  
  30  3:37  Siege Tank  
  33  3:45  SCV  
  34  3:51  Orbital Command  
  34  3:56  Starport  
  34  3:57  SCV  
  35  4:03  Barracks  
  35  4:04  Barracks  
  35  4:09  Widow Mine, SCV  
  38  4:13  Marine x2  
  38  4:17  Orbital Command  
  40  4:21  SCV  
  41  4:31  Marine x2  
  41  4:33  SCV  
  44  4:38  Medivac  
  44  4:42  SCV  
  47  4:46  Refinery, SCV  
  47  4:49  Siege Tank  
  51  4:53  Marine x2  
  51  4:54  SCV, Barracks Tech Lab  
  51  4:55  Barracks Tech Lab  
  51  4:59  Supply Depot  
  54  5:02  Engineering Bay  
  54  5:20  Marine x2  
  54  5:21  SCV x2, Marauder  
  60  5:22  Supply Depot  
  60  5:33  SCV x2  
  62  5:44  Marine x2  
  62  5:45  SCV x2, Marine, Supply Depot  
  62  5:46  Cyclone  
  70  5:51  Marine  
  71  5:57  SCV  
  71  6:02  Starport Reactor, Marine x3  
  75  6:09  Stimpack  
  75  6:17  SCV x2, Missile Turret x2  
  75  6:18  Refinery, Siege Tank  
  80  6:19  Combat Shield  
  80  6:27  Supply Depot  
  80  6:29  SCV x2  
  80  6:31  Marine x2  
  84  6:33  Marauder  
  84  6:39  Terran Infantry Weapons Level 1  
  86  6:41  SCV x2  
  88  6:48  Missile Turret  
  88  6:50  Missile Turret, Supply Depot  
  88  6:56  SCV  
  88  6:57  SCV  
  88  7:00  Marauder  
  88  7:01  Viking x2  
  96  7:09  Marine  
  96  7:10  Marine  
  96  7:11  Command Center  
  98  7:22  Marine x2, Missile Turret  
  100  7:24  Cyclone  
  103  7:31  Medivac  
  105  7:39  Engineering Bay  
  105  7:42  Armory  
  105  7:54  Marine x2  
  105  7:55  Marine x2  
  109  8:12  Marine  
  110  8:15  Missile Turret  
  110  8:16  Missile Turret  
  110  8:22  Medivac  
  110  8:23  Marauder x2, Siege Tank  
  119  8:39  Missile Turret  
  119  8:41  Missile Turret  
  119  8:43  Missile Turret  
  119  8:44  Marauder x2  
  119  8:45  Orbital Command  
  119  8:47  SCV x2  
  125  8:53  Sensor Tower  
  125  9:05  Supply Depot  
  125  9:06  Missile Turret  
  125  9:07  Supply Depot  
  125  9:08  Terran Infantry Armor Level 1  
  125  9:10  Terran Vehicle Weapons Level 1  
  125  9:13  SCV x2  
  125  9:26  Marine x4, Medivac, Missile Turret  
  125  9:27  Barracks  
  125  9:30  Factory  
  125  9:31  Concussive Shells  
  131  9:32  Terran Infantry Weapons Level 2  
  131  9:33  Starport  
  131  9:36  SCV x3  
  134  9:44  Marine x2  
  134  9:45  Marine x2  
  137  9:50  Refinery  
  137  9:52  Refinery  
  138  9:56  Barracks  
  138  10:02  Marine x2  
  79  10:15  Barracks Reactor  
  79  10:16  Factory Tech Lab  
  79  10:17  Starport Reactor  
  79  10:20  Starport Tech Lab  
  77  10:32  Marine x4  
  77  10:34  Viking x2  
  85  10:36  Siege Tank x2  
  91  10:45  Command Center  
  91  10:48  Command Center  
  91  10:50  Marine x4  
  90  11:00  Marine  
  90  11:01  Marine  
  84  11:07  Marine  
  84  11:08  Marine x3  
  76  11:18  Marine x2  
  76  11:22  Cyclone x2  
  76  11:23  Viking x3  
  82  11:25  Marine x2  
  82  11:26  Marine x2  
  81  11:36  Marine x2  
  77  11:43  Marine x3  
  77  11:44  Marine  
  68  11:54  Cyclone x2, Marine x2  
  68  12:01  Marine x4  
  71  12:12  Marine x2  
Show
View Real Time Build Order
Export as new Build Order

Massa Terran - Winner!

Build Orders: Gas First Reaper Expand 

Get SALT Encoding   

  12  0:00  SCV  
  13  0:12  SCV  
  14  0:22  Supply Depot  
  14  0:24  SCV  
  15  0:32  Refinery  
  15  0:44  SCV  
  15  0:45  Barracks  
  16  0:56  SCV  
  17  1:32  Reaper  
  18  1:40  Command Center  
  18  1:54  Orbital Command  
  18  2:12  Supply Depot  
  18  2:22  Factory  
  18  2:23  Marine  
  20  2:30  SCV  
  20  2:42  SCV  
  21  2:50  Barracks  
  21  2:54  SCV  
  22  3:01  Engineering Bay  
  22  3:06  SCV  
  23  3:30  Orbital Command  
  23  3:34  SCV  
  24  3:36  Factory Tech Lab  
  24  3:41  Starport, Barracks Tech Lab  
  24  3:42  Marine  
  24  3:46  SCV  
  26  3:49  Missile Turret  
  26  3:51  Missile Turret  
  26  3:53  Missile Turret  
  26  3:58  SCV  
  26  3:59  Marine  
  26  4:01  Stimpack  
  28  4:03  SCV  
  29  4:10  SCV  
  29  4:11  Missile Turret  
  29  4:15  SCV  
  31  4:18  Widow Mine  
  31  4:20  Medivac  
  31  4:23  Marauder  
  37  4:26  Marine  
  38  4:35  Missile Turret  
  37  4:38  SCV  
  37  4:39  SCV  
  37  4:40  Widow Mine  
  37  4:44  Marine  
  42  4:46  Marine  
  42  4:51  SCV  
  44  4:53  SCV  
  45  5:03  SCV  
  45  5:06  Command Center  
  46  5:09  Supply Depot  
  46  5:20  Supply Depot  
  46  5:31  SCV, Marauder  
  46  5:32  Siege Tank  
  52  5:37  SCV  
  52  5:42  Refinery x2  
  53  5:43  SCV  
  53  5:47  Refinery  
  53  5:49  SCV  
  55  6:02  Missile Turret  
  55  6:03  Viking  
  57  6:23  Orbital Command  
  57  6:26  SCV x2  
  59  6:38  SCV x2  
  61  6:45  Marauder  
  61  6:46  Combat Shield  
  63  6:49  Starport Reactor  
  63  6:50  SCV, Terran Infantry Weapons Level 1  
  64  6:55  Command Center  
  64  6:59  Barracks  
  64  7:00  Barracks  
  64  7:01  Barracks, Factory  
  64  7:07  Siege Tank  
  67  7:11  Barracks Reactor  
  67  7:16  Marauder  
  69  7:29  SCV x3  
  72  7:37  Marauder  
  72  7:41  SCV x2  
  76  7:44  Armory  
  76  7:46  Engineering Bay  
  76  7:50  Armory  
  76  7:52  Supply Depot  
  76  7:55  Supply Depot  
  76  7:56  Barracks Reactor x2, Barracks Tech Lab  
  76  7:58  Factory Tech Lab  
  76  8:05  Concussive Shells  
  76  8:06  Orbital Command  
  76  8:15  Marauder x2, Marine x2  
  76  8:17  Orbital Command  
  82  8:27  SCV x2  
  83  8:33  Marine x2  
  86  8:36  Marauder  
  86  8:37  Marauder  
  86  8:39  SCV x2  
  92  8:42  Refinery, Thor x2  
  92  8:45  Refinery  
  92  8:46  Marine x3  
  92  8:47  Marine  
  108  8:49  Terran Infantry Weapons Level 2  
  108  8:53  Terran Infantry Armor Level 1  
  108  8:57  Supply Depot  
  108  9:04  Supply Depot  
  108  9:08  Missile Turret  
  108  9:11  Missile Turret  
  108  9:15  Missile Turret  
  108  9:16  Missile Turret  
  108  9:18  SCV x2, Marine x2  
  108  9:20  Supply Depot  
  108  9:22  SCV x2  
  114  9:30  SCV x2  
  116  9:34  SCV x2  
  118  9:43  SCV x2, Missile Turret  
  118  9:45  Thor x2  
  132  10:00  Supply Depot  
  132  10:03  SCV  
  132  10:05  Medivac x2  
  128  10:22  Supply Depot  
  128  10:35  Medivac  
  130  10:40  Marine  
  130  10:41  Marauder x2, Marine x5  
  140  10:43  Thor  
  140  10:46  Supply Depot  
  146  10:54  Thor  
  140  10:58  Marine x2  
  140  10:59  Marine x4  
  140  11:02  Marauder x2  
  138  11:16  Marine  
  136  11:24  Marauder x2  
  132  11:26  Thor  
  132  11:31  Marine  
  132  11:32  Marine x4  
  143  11:34  Marine  
  143  11:36  Thor  
  150  11:45  Marauder x2  
  152  11:49  Marine x4  
  156  12:20  Supply Depot x2  
  156  12:21  Supply Depot x2  
Show
View Real Time Build Order
Export as new Build Order

qqq Protoss - Winner!

Build Orders: Cannon Rush, Carriers 

Get SALT Encoding   

  12  0:00  Probe  
  13  0:14  Pylon  
  13  0:19  Probe  
  14  0:32  Forge  
  14  0:39  Probe  
  15  0:50  Pylon  
  15  1:16  Photon Cannon  
  14  1:22  Photon Cannon  
  13  1:27  Probe  
  14  1:38  Photon Cannon  
  14  1:39  Probe  
  15  1:51  Probe  
  16  2:03  Probe  
  17  2:15  Probe  
  18  2:24  Nexus  
  18  2:27  Probe  
  19  2:41  Gateway  
  19  2:42  Probe  
  19  2:43  Assimilator  
  20  3:03  Probe  
  20  3:04  Pylon  
  21  3:10  Assimilator  
  21  3:11  Pylon  
  21  3:15  Probe  
  22  3:27  Probe  
  22  3:30  Cybernetics Core  
  23  3:34  Photon Cannon  
  23  3:36  Probe  
  23  3:39  Probe  
  25  3:49  Probe  
  25  3:51  Probe  
  27  4:01  Probe  
  28  4:04  Probe  
  29  4:10  Stargate  
  29  4:13  Probe (Chrono Boost)  
  30  4:20  Assimilator  
  31  4:25  Probe (Chrono Boost)  
  31  4:26  Assimilator  
  31  4:27  Stargate  
  31  4:29  Pylon  
  31  4:32  Probe (Chrono Boost)  
  31  4:33  Probe (Chrono Boost)  
  33  4:39  Probe  
  33  4:43  Probe  
  35  4:51  Probe  
  36  4:55  Probe, Phoenix (Chrono Boost)  
  39  5:03  Probe  
  40  5:07  Probe  
  43  5:15  Probe  
  43  5:17  Phoenix x2 (Chrono Boost)  
  43  5:19  Probe  
  47  5:27  Probe  
  48  5:32  Probe  
  48  5:35  Phoenix x2  
  53  5:37  Protoss Air Weapons Level 1 (Chrono Boost)  
  53  5:40  Probe  
  54  6:00  Phoenix  
  54  6:01  Phoenix  
  58  6:09  Nexus  
  58  6:10  Pylon  
  58  6:12  Pylon  
  58  6:16  Robotics Facility  
  58  6:25  Phoenix (Chrono Boost)  
  60  6:32  Photon Cannon  
  60  6:33  Photon Cannon  
  60  6:37  Photon Cannon, Phoenix (Chrono Boost)  
  62  6:41  Probe  
  63  6:48  Phoenix (Chrono Boost)  
  65  6:57  Phoenix (Chrono Boost)  
  67  7:09  Fleet Beacon  
  67  7:16  Observer  
  68  7:22  Photon Cannon  
  68  7:28  Probe (Chrono Boost)  
  69  7:33  Phoenix  
  71  7:38  Phoenix, Protoss Air Armor Level 1  
  71  7:41  Probe (Chrono Boost)  
  71  7:43  Nexus  
  74  7:46  Pylon  
  74  7:49  Pylon  
  74  7:50  Probe (Chrono Boost)  
  75  7:54  Observer  
  75  7:55  Probe  
  77  8:04  Carrier  
  83  8:07  Probe  
  84  8:16  Photon Cannon  
  84  8:19  Probe, Photon Cannon  
  85  8:22  Photon Cannon  
  85  8:25  Photon Cannon  
  85  8:31  Probe  
  86  8:37  Carrier  
  92  8:43  Probe  
  93  8:55  Probe (Chrono Boost)  
  94  9:01  Probe (Chrono Boost)  
  94  9:02  Assimilator  
  95  9:05  Probe (Chrono Boost)  
  95  9:06  Assimilator  
  95  9:09  Probe (Chrono Boost), Carrier  
  103  9:10  Probe (Chrono Boost)  
  104  9:20  Probe  
  104  9:21  Probe  
  106  9:32  Probe  
  106  9:33  Probe  
  108  9:41  Carrier  
  108  9:44  Probe  
  115  10:13  Carrier  
  121  10:26  Pylon  
  121  10:30  Pylon  
  121  10:37  Nexus  
  121  10:38  Pylon  
  121  10:40  Pylon  
  121  10:43  Pylon  
  121  10:45  Carrier  
  115  10:59  Nexus  
  115  11:01  Pylon  
  115  11:02  Pylon  
  111  11:06  Pylon  
  109  11:17  Phoenix  
  107  11:42  Phoenix  
  112  12:27  Photon Cannon  
  113  12:30  Photon Cannon  
Tags
 
Add a new tag
Caveats
  • Supply blocks, unpowered buildings, or Contaminate may cause inaccurate times.
  • Supply counts are checked every 10 seconds.